 Dungeon Crawl Stone Soup version 0.29.1-12-g30fa7ad0bf (webtiles) character file.

Game seed: 13904637675053122000

5 Melonyan the Ruffian (level 1, 0/16 HPs)
             Began as a Draconian Transmuter on Jan 1, 2023.
             Slain by a ball python (1 damage)
             ... on level 1 of the Dungeon.
             The game lasted 00:00:47 (180 turns).

Melonyan the Ruffian (Draconian Transmuter)          Turns: 180, Time: 00:00:47

Health: 0/16       AC:  4    Str: 12    XL:     1   Next: 66%
Magic:  3/3        EV:  9    Int: 13    God:
Gold:   12         SH:  0    Dex: 11    Spells: 3/4 levels left

rFire   . . .      SeeInvis .     - Unarmed
rCold   . . .      Faith    .   (no shield)
rNeg    . . .      Spirit   .   (body armour unavailable)
rPois   .          Reflect  .   (helmet restricted)
rElec   .          Harm     .   (no cloak)
rCorr   .          Rampage  .   (no gloves)
Will    .....                   (no boots)
Stlth   +.........              (no amulet)
HPRegen 0.05/turn               (no ring)
MPRegen 0.08/turn               (no ring)

@: constricted
A: AC +4, unfitting armour, cold-blooded
a: no special abilities


You were on level 1 of the Dungeon.
You visited 1 branch of the dungeon, and saw 1 of its levels.

You collected 12 gold pieces.

Inventory:

Scrolls
 b - a scroll of noise {unknown}
Potions
 a - a potion of lignification
 c - a potion of ambrosia {unknown}


   Skills:
 + Level 1.2 Fighting
 + Level 1.9 Dodging
 + Level 3.0 Unarmed Combat
 + Level 2.0 Spellcasting
 + Level 2.1 Transmutations


You had 3 spell levels left.
You knew the following spells:

 Your Spells              Type           Power      Damage    Failure   Level
a - Beastly Appendage     Tmut           12%        N/A       11%         1

Your spell library contained the following spells:

 Spells                   Type           Power      Damage    Failure   Level
 Wereblood                Tmut           6%         N/A       16%         2
 Spider Form              Tmut/Pois      4%         N/A       45%         3
 Ice Form                 Ice/Tmut       4%         N/A       86%         4


Dungeon Overview and Level Annotations

Branches:
Dungeon (1/15)

Altars:


Innate Abilities, Weirdness & Mutations

Your plain brown scales are hard. (AC +4)
You cannot fit into any form of body armour.
You are cold-blooded and may be slowed by cold attacks.


Message History

A ball python comes into view.
The ball python hisses angrily.
A goblin comes into view. It is wielding a +0 club.
The goblin shouts!
You hear a shout!
The goblin moves out of view.
You closely miss the ball python. The ball python bites you.
The ball python grabs you. The ball python constricts you.
You hit the ball python.
You kill the ball python!
A goblin comes into view. It is wielding a +0 club.
The goblin shouts!
The goblin hits you but does no damage.
You hit the goblin.
The goblin is severely wounded.
A ball python comes into view.
The goblin hits you with a +0 club.
The ball python hisses angrily.
You hit the goblin.
You kill the goblin!
A hobgoblin and a quokka come into view.
Found a stone staircase leading down.
The hobgoblin shouts!
You see here a +0 club.
The goblin hits you with a +0 club.
You closely miss the goblin. The ball python barely misses you.
The ball python closely misses you. The goblin hits you with a +0 club.
You closely miss the goblin. The ball python closely misses you.
The ball python misses you. The goblin barely misses you.
You hit the goblin.
You kill the goblin!
The ball python bites you. The ball python grabs you.
The ball python constricts you. The quokka bites you.
You hit the hobgoblin.
The hobgoblin is lightly wounded.
The ball python bites you.
* * * LOW HITPOINT WARNING * * *
The ball python constricts you. The quokka bites you.
* * * LOW HITPOINT WARNING * * *
The hobgoblin barely misses you. The ball python bites you.
You die...

######### #.......
#......$ ###.......
#........######
♣♣♣♣♣♣###.#...##......#
~~♣~~♣~##.#....#......#
~~~~P~~~#......#.S....#.
~~~..~~.....†..)@g....>.
..........#....#.r......
..........#.#..#.#####..
~..~...P~~P~#.....
.~~~P~PP~P~~~..####
~~~P~~~~~~P~~♣..
~~~≈≈≈≈≈~~~~♣.###
~P~~≈≈~~~~~♣...
~P~~P~~~♣♣..>.


You could see a quokka, a hobgoblin and a ball python.

Vanquished Creatures
  2 goblins (D:1)
  A hobgoblin (D:1)
  A ball python (D:1)
  A rat (D:1)
5 creatures vanquished.

Notes
Turn   | Place    | Note
-------+----------+-------------------------------------------
     0 | D:1      | Melonyan the Draconian Transmuter began the quest for the
                  | Orb.
     0 | D:1      | Reached XP level 1. HP: 16/16 MP: 3/3
   180 | D:1      | Slain by a ball python

Illustrated notes

Levels and vault maps discovered:
D:1:      enne_arrival_octagon_isle, layout_basic,
          hellmonk_ecumenical_altar_leap_of_faith, minmay_misc_feat_pillars,
          serial_bayou_ford_a

Action                   || total
-------------------------++-------
Melee: Unarmed           ||    22
Armor: Skin              ||     2
Dodge: Dodged            ||    15
